cohdb
Replays
Latest Replays
All Replays
Popular Replays
Top Player Replays
Match Explorer
How It Works
Community
CoH3 Stats
Reddit
Sign in to upload your games and track your stats! →
Sign in with Steam
Match 20618112
Unlisted
Match 20618112
Overview
Messages
Build Orders
End
Construct Infanterie Kompanie
Kettenkrad Recon Vehicle
MG 42 Machine Gun Team
Grenadier Squad
Grenadier Squad
Construct Panzergrenadier Kompanie
251 Medium Carrier
Pak 40 Anti-tank Gun Team
Panzergrenadier Squad
Support Elements
Selects Mechanized Battlegroup
Selects Raid Package
StuG III G Assault Gun
Selects StuG Assault Group
Panzergrenadier Squad
StuG III G Assault Gun
StuG III G Assault Gun
AI Takeover
Contact Mike
Legatus Adeodatus Iovita Manilus
包莖天
Basha
BrockDiesel
Deplorable Dave
めいよ
DirtyDan
0
0
Comments
sign in to comment!
No comments posted yet!